 Dungeon Crawl Stone Soup version 0.22-a0-558-gc224181 (webtiles) character file.

4855 vierth the Cleaver (level 10, -4/135 HPs)
             Began as a Minotaur Fighter on June 27, 2018.
             Was a Follower of Trog.
             Slain by a demonic crawler (10 damage)
             ... summoned by a deep elf mage
             ... on level 8 of the Dungeon.
             The game lasted 00:17:22 (6936 turns).

vierth the Cleaver (Minotaur Fighter)               Turns: 6936, Time: 00:17:23

Health: -4/135     AC:  3    Str: 28    XL:     10   Next: 25%
Magic:  9/9        EV:  9    Int:  5    God:    Trog [*.....]
Gold:   288        SH:  0    Dex: 11    Spells: 9/9 levels left

rFire    . . .     SeeInvis .   g - +3 battleaxe
rCold    . . .     Gourm    +   (shield currently unavailable)
rNeg     . . .     Faith    .   h - +0 chain mail
rPois    +         Spirit   .   (helmet restricted)
rElec    .         Reflect  .   (no cloak)
rCorr    .         Harm     .   z - +0 pair of gloves
MR       .....                  (no boots)
Stlth    ..........             s - amulet of the gourmand
HPRegen  0.32/turn              q - ring of poison resistance
MPRegen  0.11/turn              i - +2 ring of protection

@: berserking, corroded, drained, very quick
A: retaliatory headbutt, horns 2
a: Berserk, Renounce Religion


You were on level 8 of the Dungeon.
You worshipped Trog.
Trog was aware of your devotion.
You were not hungry.

You visited 2 branches of the dungeon, and saw 9 of its levels.

You collected 288 gold pieces.

Inventory:

Hand Weapons
 g - a +3 battleaxe (weapon)
 v - a cursed -3 mace
Armour
 b - a +1 scale mail
 h - a +0 chain mail (worn)
 z - a +0 pair of gloves (worn)
 D - a +1 hat
Jewellery
 i - a +2 ring of protection (right hand)
 q - a ring of poison resistance (left hand)
 s - an amulet of the gourmand (around neck)
Wands
 B - a wand of flame (22)
 C - a wand of polymorph (8)
Scrolls
 a - 3 scrolls of remove curse
 e - 3 scrolls of teleportation {unknown}
 n - 4 scrolls of magic mapping {unknown}
 o - 2 scrolls of enchant armour
 t - a scroll of blinking {unknown}
 w - a scroll of identify
 x - a scroll of fear
 y - 2 scrolls of fog {unknown}
Potions
 c - 2 potions of magic {unknown}
 d - 4 potions of might
 j - a potion of invisibility {unknown}
 k - 2 potions of curing {unknown}
 l - 2 potions of flight {unknown}
 m - a potion of haste
 p - 2 potions of agility {unknown}
 r - a potion of brilliance {unknown}
 u - a potion of berserk rage {unknown}
 A - a potion of degeneration {unknown}
Comestibles
 f - 16 rations


   Skills:
 + Level 8.8(8.0) Fighting
 * Level 11.4(10.7) Axes
 * Level 11.4(10.6) Armour
 - Level 1.1(0.5) Dodging
 - Level 0.5(0.0) Stealth
   Level 4.6(4.0) Shields


You had 9 spell levels left.
You didn't know any spells.
Your spell library was empty.

Dungeon Overview and Level Annotations

Branches:
Dungeon (8/15)             Temple (1/1) D:6
   Lair: D:8-11

Altars:
Ashenzari
Cheibriados
Dithmenos
Elyvilon
Fedhas
Gozag
Hepliaklqana
Kikubaaqudgha
Makhleb
Nemelex Xobeh
Okawaru
Qazlal
Ru
Sif Muna
Trog
Uskayaw
Vehumet
Wu Jian
Xom
Yredelemnul
Zin
The Shining One

Shops:
D:6 ((**

Annotations:
D:5 1 exclusion
D:7 4 runed doors


Innate Abilities, Weirdness & Mutations

You reflexively headbutt those who attack you in melee.
You have a pair of horns on your head.


Message History

You hit the demonic crawler but do no damage.
You barely miss the redback.
You hit the soul eater but do no damage.
The deep elf mage mumbles some strange words.
The demonic crawler hits you but does no damage.
The demonic crawler hits you! The demonic crawler barely misses you.
The soul eater draws from the surrounding life force!
* * * LOW HITPOINT WARNING * * *
The soul eater is healed.
The rust devil hits you.
* * * LOW HITPOINT WARNING * * *
The rust devil corrodes you! The redback bites you!
* * * LOW HITPOINT WARNING * * *
You slash the rust devil! You headbutt the rust devil.
The rust devil is heavily wounded.
You closely miss the tarantella. You slash the demonic crawler!
You barely miss the redback. You slash the soul eater!
The demonic crawler barely misses you. The demonic crawler hits you!
* * * LOW HITPOINT WARNING * * *
The demonic crawler hits you!
You die...

#.#.##........
##...#'#.##........
#........##.###....
#........##.###....
#........#.........
##........#..###.#..
#..r......#.........
#.sss.....#..###.#..
####..@3.........[.....
#......44.....)[.......
#.##.##e...#.#.####.##.
#............# #.##.
####.##.#.##.###'##.
#.##.#.##.##.....
#.#........'.....
#.#..#.##.##.....
..#..#.##.##...w.


You could see a soul eater, a demonic crawler, an ice devil, a rust devil, a
deep elf mage, a tarantella, a redback and a hell rat.

Vanquished Creatures
  Gastronok (D:8)
  Joseph (D:8)
  A centaur zombie (D:6)
  A spriggan (D:7)
  A wyvern (D:7)
  A water moccasin (D:7)
  Duvessa (D:6)
  2 ice beasts (D:5)
  3 ogres
  A necrophage (D:6)
  A phantom (D:5)
  A centaur (D:6)
  2 bullfrogs
  Dowan (D:6)
  3 wights (D:3)
  An electric eel (D:6)
  A howler monkey (D:4)
  2 crimson imps
  2 bullfrog zombies
  8 orc wizards
  An orc priest (D:8)
  6 hounds
  2 jellies
  A bullfrog skeleton (D:4)
  Natasha (thrice) (D:3)
  An iguana (D:8)
  3 worker ants
  2 hound skeletons
  9 adders
  4 gnolls (D:2)
  2 shadow imps (D:6)
  An adder skeleton (D:4)
  2 adder zombies (D:5)
  A worm (D:3)
  3 leopard geckos
  15 orcs
  4 giant cockroaches
  5 hobgoblins
  2 jackals (D:3)
  6 kobolds
  6 quokkas (D:4)
  A ball python (D:2)
  8 bats
  3 frilled lizards
  A goblin (D:2)
  A quokka skeleton (D:4)
  6 rats
134 creatures vanquished.

Vanquished Creatures (others)
  A plant (D:4)
1 creature vanquished.

Grand Total: 135 creatures vanquished

Notes
Turn   | Place    | Note
-------+----------+-------------------------------------------
     0 | D:1      | vierth the Minotaur Fighter began the quest for the Orb.
     0 | D:1      | Reached XP level 1. HP: 19/19 MP: 0/0
   443 | D:1      | Reached XP level 2. HP: 27/27 MP: 1/1
  1010 | D:2      | Reached XP level 3. HP: 33/33 MP: 2/2
  1053 | D:2      | Found an ornate altar of the Wu Jian Council.
  1068 | D:2      | Found a glowing silver altar of Zin.
  1177 | D:2      | Found a burning altar of Makhleb.
  1178 | D:2      | Found a sparkling altar of Nemelex Xobeh.
  1215 | D:2      | Reached XP level 4. HP: 7/40 MP: 3/3
  1643 | D:2      | Found a sacrificial altar of Ru.
  2049 | D:3      | Found a stormy altar of Qazlal.
  2050 | D:3      | Found a shadowy altar of Dithmenos.
  2117 | D:3      | Reached XP level 5. HP: 34/47 MP: 4/4
  2134 | D:3      | Reached skill level 1 in Dodging
  2138 | D:3      | Reached skill level 5 in Armour
  2157 | D:3      | Noticed Natasha
  2162 | D:3      | Killed Natasha
  2162 | D:3      | Reached skill level 5 in Axes
  2162 | D:3      | Reached XP level 6. HP: 44/53 MP: 5/5
  2246 | D:3      | Noticed Natasha
  2252 | D:3      | Killed Natasha
  2555 | D:3      | Noticed Natasha
  2559 | D:3      | Killed Natasha
  2892 | D:4      | Reached skill level 5 in Fighting
  2969 | D:4      | Found a sparkling altar of Nemelex Xobeh.
  3081 | D:4      | Reached XP level 7. HP: 61/61 MP: 6/6
  3235 | D:4      | Found a sacrificial altar of Ru.
  3335 | D:5      | Entered Level 5 of the Dungeon
  3540 | D:5      | Found a deep blue altar of Sif Muna.
  3889 | D:5      | Reached XP level 8. HP: 70/70 MP: 7/7
  4163 | D:6      | Found Sackib's Antique Weapon Shop.
  4167 | D:6      | Found Hep Egh's General Store.
  4168 | D:6      | Found Fuowe's Weapon Shop.
  4168 | D:6      | Found Inyawnul's General Store.
  4188 | D:6      | Found a hide-covered altar of Uskayaw.
  4209 | D:6      | Noticed Dowan
  4210 | D:6      | Noticed Duvessa
  4223 | D:6      | Killed Dowan
  4224 | D:6      | Killed Duvessa
  4249 | D:6      | Found a radiant altar of Vehumet.
  4814 | D:6      | Found a staircase to the Ecumenical Temple.
  4819 | Temple   | Entered the Ecumenical Temple
  4837 | Temple   | Became a worshipper of Trog the Wrathful
  5011 | D:6      | Found a blossoming altar of Fedhas.
  5012 | D:6      | Found an ancient bone altar of Kikubaaqudgha.
  5095 | D:7      | Reached XP level 9. HP: 77/79 MP: 8/8
  5109 | D:7      | Found the +3 giant club "Skullcrusher" {speed, Str+7}
  5252 | D:7      | Found a huge runed gate.
  5252 | D:7      | Found a huge runed gate.
  5252 | D:7      | Found a huge runed gate.
  5252 | D:7      | Noticed a polar bear
  5270 | D:7      | Noticed a polar bear
  5271 | D:7      | Noticed a death yak
  5271 | D:7      | Noticed a polar bear
  5272 | D:7      | Found a huge runed gate.
  5388 | D:7      | Found an opulent altar of Gozag.
  5748 | D:7      | Found a blossoming altar of Fedhas.
  5929 | D:8      | Noticed Gastronok
  5929 | D:8      | Noticed Joseph
  5962 | D:8      | Killed Joseph
  5962 | D:8      | Reached skill level 10 in Axes
  5962 | D:8      | Reached skill level 10 in Armour
  6370 | D:8      | Noticed a two-headed ogre
  6562 | D:8      | Reached * piety under Trog
  6596 | D:8      | Killed Gastronok
  6596 | D:8      | Reached XP level 10. HP: 8/90 MP: 9/9
  6839 | D:8      | Noticed a deep elf mage
  6926 | D:8      | Noticed a soul eater
  6927 | D:8      | Noticed a rust devil
  6936 | D:8      | HP: 6/135 [demonic crawler[a deep elf mage] (7)]
  6936 | D:8      | Slain by a demonic crawler

Vault maps used:
D:1:      evilmike_arrival_rings
D:2:      chequers_temple_overflow_statue_of_worship,
          gammafunk_temple_overflow_statue, first_ration,
          nicolae_ru_great_annihilating_truth
D:3:      gammafunk_temple_overflow_pools, uniq_natasha
D:4:      wad_woods_stonehenge, marbit_many_paths
D:5:      led_sif_book
D:6:      cheibrodos_helix_gallery, grunt_temple_overflow_growth_and_decay,
          fiery_altar_vehumet, overflow_temple_1_default,
          minmay_temple_entry_nine_rooms, minmay_shop_grid_forest, uniq_duvessa
D:7:      lemuel_bear_cage, overflow_temple_1_default, the_bakery,
          fedhas_altar_4
D:8:      trog_book, uniq_gastronok, uniq_joseph
Temple:   dpeg_three_leaves_temple

Skill      XL: |  1  2  3  4  5  6  7  8  9 |
---------------+----------------------------+-----
Fighting       | 4 5 7 8 |  8.8
Armour         | 4 5 7 9 11 | 11.4
Shields        | 4 |  4.6
Axes           | 3 4 5 6 7 9 11 | 11.4
Dodging        | 1 |  1.1
Stealth        | |  0.5

Action                   |  1- 3 |  4- 6 |  7- 9 | 10-12 || total
-------------------------+-------+-------+-------+-------++-------
Melee: War axe           |    48 |    54 |       |       ||   102
       Headbutt          |     5 |    13 |    41 |     1 ||    60
       Battleaxe         |       |    64 |   168 |     3 ||   235
Invok: Berserk           |       |       |       |     1 ||     1
  Use: Scroll            |     4 |     2 |       |       ||     6
 Stab: Paralysed         |       |     1 |       |       ||     1
  Eat: Ration            |     1 |     1 |     1 |       ||     3
       Chunk             |       |     3 |    12 |       ||    15
Armor: Scale mail        |    15 |       |       |       ||    15
       Chain mail        |    36 |    82 |   121 |     9 ||   248
Dodge: Dodged            |     7 |    41 |    76 |     5 ||   129
Block: Shield            |    34 |    31 |       |       ||    65

Table legend:
 A = Spawn XP
 B = Non-spawn XP
 C = Spawn XP percentage of total XP
 D = Spawn monster count
 E = Non-spawn monster count
 F = Spawn count percentage of total count
 G = Total turns spent on level
                    A         B        C        D         E        F      G
               +---------+---------+-------+---------+---------+-------+---------
         Total |       0 |    6937 |   0.0 |       0 |     134 |   0.0 |  6936
               +---------+---------+-------+---------+---------+-------+---------
           D:1 |       0 |      14 |   0.0 |       0 |      10 |   0.0 |   802
           D:2 |       0 |     158 |   0.0 |       0 |      21 |   0.0 |  1117
           D:3 |       0 |     308 |   0.0 |       0 |      20 |   0.0 |   786
           D:4 |       0 |     320 |   0.0 |       0 |      25 |   0.0 |   630
           D:5 |       0 |     633 |   0.0 |       0 |      13 |   0.0 |   776
           D:6 |       0 |    1277 |   0.0 |       0 |      16 |   0.0 |   865
           D:7 |       0 |    1101 |   0.0 |       0 |      16 |   0.0 |  1211
           D:8 |       0 |    3126 |   0.0 |       0 |      13 |   0.0 |   661
               +---------+---------+-------+---------+---------+-------+---------
